 Dungeon Crawl Stone Soup version 0.32-a0-18-g89e19f1974 (webtiles) character file.

Game seed: 942263480737552734

46 Sweetruy1997 the Magician (level 3, 0/28 (31) HPs)
             Began as an Oni Hedge Wizard on Jan 16, 2024.
             Slain by an adder (2 damage)
             ... on level 2 of the Dungeon.
             The game lasted 00:04:59 (1984 turns).

Sweetruy1997 the Magician (Oni Hedge Wizard)        Turns: 1984, Time: 00:05:00

HP:   0/28 (31)     AC:  3    Str: 13    XL:     3   Next: 66%
MP:   9/9           EV: 10    Int: 14    God:
Gold: 56            SH:  0    Dex: 14    Spells: 9/11 levels left

rFire   + . .        k - staff of death
rCold   + . .        (no shield)
rNeg    + . .        b - +0 robe
rPois   +            c - +0 hat
rElec   +            (no cloak)
rCorr   +            (gloves unavailable)
SInv    .            (boots unavailable)
Will    .....        (no amulet)
Stlth   ++           (no ring)
HPRegen 0.24/turn    (no ring)
MPRegen 0.11/turn

%: clarity
@: resistant, drained
A: large, unfitting armour, horns 1, tough skin 1, double potion healing,
drunken brawling, agile 1, clarity
a: no special abilities


You were on level 2 of the Dungeon.
You visited 1 branch of the dungeon, and saw 2 of its levels.

You collected 56 gold pieces.

Inventory:

Armour
 b - a +0 robe (worn)
 c - a +0 hat (worn)
Magical Staves
 k - a staff of death (weapon)
Scrolls
 a - a scroll of fog {unknown}
 e - a scroll of teleportation {unknown}
 i - a scroll of enchant armour {unknown}
Potions
 d - a potion of magic
 h - a potion of ambrosia {unknown}
 j - a potion of invisibility {unknown}


   Skills:
 - Level 2.0 Dodging
 + Level 1.6 Stealth
 + Level 4.6 Spellcasting
 + Level 1.6 Conjurations
 + Level 0.8 Summonings
 + Level 0.8 Translocations


You had 9 spell levels left.
You knew the following spells:

 Your Spells              Type           Power      Damage    Failure   Level
a - Magic Dart            Conj           28%        1d4       10%         1
b - Slow                  Hex            12%        N/A       19%         1

Your spell library contained the following spells:

 Spells                   Type           Power      Damage    Failure   Level
 Momentum Strike          Conj/Tloc      12%        3d8       17%         2
 Blink                    Tloc           10%        N/A       19%         2
 Call Imp                 Summ           10%        N/A       19%         2
 Lesser Beckoning         Tloc           10%        N/A       19%         2
 Cigotuvi's Dreadful Rot  Necr/Alch/Air  8%         N/A       28%         2
 Mephitic Cloud           Conj/Alch/Air  4%         N/A       41%         3


Dungeon Overview and Level Annotations

Branches:
Dungeon (2/15)

Altars:


Innate Abilities, Weirdness & Mutations

You are too large for most types of armour.
You have a pair of small horns on your head.
You have tough skin. (AC +1)
You gain doubled healing and magic from potions.
Whenever you drink a healing potion, you attack all around you.
You are agile. (Dex +4, Str/Int -1)
You possess an exceptional clarity of mind.


Message History

Found a leather armour.
There is an open door here.
The adder hisses angrily.
The adder bites you.
You hit the adder but do no damage. The adder closely misses you.
You closely miss the adder. The adder bites you. The adder closely misses you.
You hit the adder but do no damage. The adder bites you.
You miss the adder. The adder misses you. The adder closely misses you.
You barely miss the adder. The adder bites you.
You are poisoned.
The adder poisons you!
You closely miss the adder.
You feel sick. The adder bites you. The adder closely misses you.
You hit the adder but do no damage. Your headbutt misses the adder.
You feel sick. The adder closely misses you.
You barely miss the adder.
You feel sick. The adder bites you. x2
You are more poisoned.
The adder poisons you!
You closely miss the adder.
You feel sick. The adder completely misses you. The adder closely misses you.
You hit the adder but do no damage. Your headbutt misses the adder.
You feel sick. The adder closely misses you.
It was a potion of mutation.
You feel extremely strange.
Your thoughts seem clearer.
You feel agile.
You feel sick. The adder barely misses you. The adder completely misses you.
It was a potion of resistance.
You feel protected.
You feel sick. The adder bites you.
* * * LOW HITPOINT WARNING * * *
You hit the adder.
The adder is lightly wounded.
You feel sick.
You are no longer poisoned.
The adder bites you but does no damage.
You hit the adder but do no damage.
The adder is lightly wounded.
The adder bites you.
* * * LOW HITPOINT WARNING * * *
The adder bites you.
You die...

##+##
##...##
##.....##
#..S@[..#
##.....##
##...##
##'##
##...##
##.....##
#.......#
##.....##
##...##


You could see an adder.

Vanquished Creatures
  A dart slug (D:1)
  A ribbon worm (D:2)
  2 ball pythons (D:1)
  5 endoplasms (D:1)
  3 giant cockroaches (D:1)
  6 goblins (D:1)
  5 hobgoblins
  5 kobolds (D:1)
  2 quokkas (D:1)
  4 frilled lizards
34 creatures vanquished.

Notes
Turn   | Place    | Note
-------+----------+-------------------------------------------
     0 | D:1      | Sweetruy1997 the Oni Hedge Wizard began the quest for the
                  | Orb.
     0 | D:1      | Reached XP level 1. HP: 16/16 MP: 5/5
    13 | D:1      | Learned a level 1 spell: Slow
   197 | D:1      | Reached skill level 4 in Spellcasting
   263 | D:1      | Reached XP level 2. HP: 24/24 MP: 0/7
   560 | D:1      | Reached skill level 1 in Conjurations
   631 | D:1      | Reached XP level 3. HP: 10/27 MP: 5/8
   705 | D:1      | Found a faded altar of an unknown god.
  1981 | D:2      | Gained mutation: You possess an exceptional clarity of
                  | mind. [potion of mutation]
  1981 | D:2      | Gained mutation: You are agile. (Dex +4, Str/Int -1)
                  | [potion of mutation]
  1984 | D:2      | Slain by an adder

Illustrated notes

Levels and vault maps discovered:
D:1:      saegor_arrival_under_anarchy, layout_basic,
          dreamdust_ecumenical_altar_angels_and_demons, hangedman_decor_points,
          chequers_serial_rivers_large_a
D:2:      layout_loops_ring, grunt_decor_clamped, nicolae_hexahallways,
          uniq_jessica

Skill      XL: |  1  2 |
---------------+-------+-----
Spellcasting   | 4 |  4.6
Dodging        | 2 |  2.0
Conjurations   | 1 |  1.6
Stealth        | |  1.6
Summonings     | |  0.8
Translocations | |  0.8

Action                     || total
---------------------------++-------
  Melee: Dagger            ||     9
         Headbutt          ||     9
         Short sword       ||    37
         Staff             ||    12
   Cast: Magic Dart        ||    66
         Slow              ||     1
    Use: Potion            ||     2
 Armour: Robe              ||    39
  Dodge: Dodged            ||    30

Table legend: (Time is in decaauts)
 A = Elapsed time spent in this place.
 B = Non-inter-level travel time spent in this place.
 C = Inter-level travel time spent in this place.
 D = Time resting spent in this place.
 E = Time spent auto-exploring this place.
 F = Levels seen in this place.
 G = Mean time per level.
                   A        B        C        D        E       F      G
               +--------+--------+--------+--------+--------+-----+--------+
         Total |   1985 |   1961 |     24 |      0 |   1714 |   2 |  992.5 |
       Dungeon |   1985 |   1961 |     24 |      0 |   1714 |   2 |  992.5 |
               +--------+--------+--------+--------+--------+-----+--------+

Top non-repeatable levels by time:
     D:1: 1617 daAuts
     D:2: 367 daAuts
